 Dungeon Crawl Stone Soup version 0.20.1-1-g8b1a95d (console) character file.

1838 rafael the Zephyrmancer (level 9, -4/51 HPs)
             Began as a Halfling Air Elementalist on July 7, 2017.
             Was an Initiate of Makhleb.
             Shot with a sling bullet by Joseph (7 damage)
             ... on level 7 of the Dungeon.
             The game lasted 00:23:36 (4799 turns).

rafael the Zephyrmancer (Halfling Air Elementalist) Turns: 4799, Time: 00:23:36

Health: -4/51      AC:  6    Str:  9      XL:     9   Next: 33%
Magic:  11/11      EV: 18    Int: 15 (16) God:    Makhleb [......]
Gold:   229        SH:  0    Dex: 14 (15) Spells: 10/11 levels left

rFire    . . .     SeeInvis .   v - +0 trident (venom)
rCold    . . .     Gourm    .   (shield currently unavailable)
rNeg     + . .     Faith    .   m - +2 robe {MR+}
rPois    .         Spirit   .   (no helmet)
rElec    .         Reflect  .   (no cloak)
rCorr    .         Harm     .   s - +0 pair of gloves
MR       ++...                  p - +0 pair of boots
Stlth    ++++......             (no amulet)
Regen    0.2/turn               I - ring of protection from magic
MPRegen  0.2/turn               B - ring of positive energy

@: starving, hasted, very quick
A: mutation resistance 1
a: Renounce Religion


You were on level 7 of the Dungeon.
You worshipped Makhleb.
Makhleb was noncommittal.
You were starving.

You visited 2 branches of the dungeon, and saw 8 of its levels.

You collected 229 gold pieces.

Inventory:

Hand Weapons
 e - a +0 club
 n - a +1 antimagic spear
 q - a +2 flail of crushing
 v - a +0 trident of venom (weapon)
Missiles
 J - 14 poisoned needles
Armour
 a - a +0 robe
 m - a +2 robe of magic resistance (worn)
 p - a +0 pair of boots (worn)
 s - a +0 pair of gloves (worn)
Jewellery
 j - a +2 ring of dexterity
 B - a ring of positive energy (right hand)
 D - an uncursed ring of loudness
 E - the ring "Judisyrgh" {Fire rPois}
   (You found it on level 5 of the Dungeon)

   [ring of fire]

   It enhances your fire magic.
   It protects you from fire.
   It makes you vulnerable to cold.
   It protects you from poison.
 I - a ring of protection from magic (left hand)
Wands
 w - a wand of random effects (7/48)
 y - a wand of scattershot (0/9)
Scrolls
 d - 3 scrolls of amnesia
 f - 2 scrolls of recharging
 h - 2 scrolls of teleportation {unknown}
 i - 2 scrolls of remove curse
 k - 2 scrolls of blinking {unknown}
 o - a scroll of random uselessness {unknown}
 u - a scroll of fog {unknown}
 G - a scroll of immolation {unknown}
 H - 2 scrolls of identify
Potions
 r - 2 potions of cancellation
Books
 b - a book of Air

   Spells                             Type                      Level
   a - Shock                          Conjuration/Air              1
   b - Swiftness                      Charms/Air                   2
   c - Static Discharge               Conjuration/Air              3
   d - Airstrike                      Air                          4
   e - Lightning Bolt                 Conjuration/Air              5
 t - a book of Changes

   Spells                             Type                      Level
   a - Beastly Appendage              Transmutation                1
   b - Sticks to Snakes               Transmutation                2
   c - Spider Form                    Transmutation/Poison         3
   d - Ice Form                       Ice/Transmutation            4
   e - Blade Hands                    Transmutation                5
Comestibles
 c - a bread ration
 g - 2 meat rations
 x - 3 royal jellies


   Skills:
 + Level 6.7 Dodging
 + Level 7.2 Stealth
 - Level 1.5 Spellcasting
 - Level 0.7 Conjurations
 * Level 8.7 Air Magic


You had 10 spell levels left.
You knew the following spells:

 Your Spells              Type           Power        Failure   Level  Hunger
a - Shock                 Conj/Air       ###.         3%          1    ##.....


Dungeon Overview and Level Annotations

Branches:
Dungeon (7/15)             Temple (1/1) D:7

Altars:
Ashenzari
Cheibriados
Dithmenos
Elyvilon
Fedhas
Gozag
Hepliaklqana
Makhleb
Nemelex Xobeh
Okawaru
Qazlal
Ru
Sif Muna
Trog
Uskayaw
Vehumet
Xom
Yredelemnul
Zin
The Shining One

Annotations:
D:7 Joseph


Innate Abilities, Weirdness & Mutations

You are small and have problems with some larger weapons.
You are somewhat resistant to further mutation.


Message History

The sling bullet hits you but does no damage.
Evoke which item? (* to show all) (? for menu, Esc to quit)
Aiming: Scattershot
Press: ? - help, Shift-Dir - straight line, f/p - Joseph
Aim: Joseph, wielding a hunting sling and wearing a ring mail (heavily wounded, poisoned)
The burst of metal fragments hits Joseph. x4
Joseph is severely wounded.
This wand has 0 charges left.
Evoke which item? (* to show all) (? for menu, Esc to quit)
This wand has no charges.
Unknown command.
Unknown command.
Evoke which item? (* to show all) (? for menu, Esc to quit)
Aiming: Random Effects (will waste charges)
Press: ? - help, Shift-Dir - straight line, f/p - Joseph
Aim: Joseph, wielding a hunting sling and wearing a ring mail (severely wounded, poisoned) Joseph seems to speed up.
Evoking this partially-identified wand wasted a few charges.
Joseph shoots a sling bullet.
The sling bullet hits you!
You die...

#.....#..# #.⌠.⌠.#.#..#
#........###.+..>..'.#..#
+.....##.##..#.⌠.⌠.#....#
#.....+ ##.##.....#....#
#...###+####.#.#
#.......# #...# #......#
##..#
#######......######.>#
.......@.....'....##.#
#######..@...####....#
#......# #..### #......#
#....# #......# #.##.#
######## #.##.# #....#
######


You could see Joseph.

Vanquished Creatures
  The ghost of Quirk the Twirler, a novice HuWn (D:4)
  Sigmund (D:6)
  2 black bears (D:6)
  A necrophage (D:5)
  A phantom (D:4)
  2 centaurs
  An ogre (D:4)
  A bullfrog (D:4)
  A gnoll sergeant (D:6)
  2 scorpions
  A jelly (D:6)
  A howler monkey (D:4)
  A hound (D:5)
  An orc priest (D:3)
  2 bullfrog skeletons
  2 orc wizards (D:4)
  An iguana (D:6)
  A worker ant (D:4)
  A killer bee zombie (D:5)
  A hound zombie (D:6)
  7 gnolls
  6 adders
  An ooze (D:6)
  An adder skeleton (D:6)
  A dart slug (D:1)
  6 leopard geckos
  15 orcs
  11 bats
  7 giant cockroaches
  5 goblins
  13 hobgoblins
  13 jackals
  A kobold (D:2)
  3 quokkas
  2 ball pythons
  7 frilled lizards
  A jackal skeleton (D:4)
  10 rats
135 creatures vanquished.

Notes
Turn   | Place    | Note
-------+----------+-------------------------------------------
     0 | D:1      | rafael the Halfling Air Elementalist began the quest for the Orb.
     0 | D:1      | Reached XP level 1. HP: 11/11 MP: 3/3
     0 | D:1      | life is elsewhere!
     0 | D:1      | so let me go...
    94 | D:1      | Reached XP level 2. HP: 17/17 MP: 1/4
   291 | D:1      | Reached XP level 3. HP: 21/21 MP: 2/5
   765 | D:2      | Reached skill level 4 in Air Magic
   779 | D:2      | Reached XP level 4. HP: 26/27 MP: 3/6
   861 | D:2      | You fall through a shaft!
  1462 | D:3      | Reached XP level 5. HP: 28/31 MP: 1/7
  2346 | D:4      | Noticed a bullfrog
  2353 | D:4      | Killed a bullfrog
  2353 | D:4      | Reached skill level 5 in Air Magic
  2353 | D:4      | Reached XP level 6. HP: 36/36 MP: 2/8
  2459 | D:4      | Noticed an ogre
  2482 | D:4      | Killed an ogre
  2482 | D:4      | Reached XP level 7. HP: 28/41 MP: 2/9
  2656 | D:4      | Noticed Quirk's ghost (novice HuWn)
  2680 | D:4      | Killed Quirk's ghost
  2680 | D:4      | Reached skill level 5 in Stealth
  2680 | D:4      | Reached skill level 6 in Air Magic
  2680 | D:4      | Reached XP level 8. HP: 27/46 MP: 10/10
  2729 | D:4      | Reached skill level 5 in Dodging
  2917 | D:4      | Reached skill level 7 in Air Magic
  2972 | D:5      | Entered Level 5 of the Dungeon
  3073 | D:5      | Found a hazy altar of Hepliaklqana.
  3146 | D:5      | Got a sparkling lapis lazuli ring
  3148 | D:5      | Identified the ring "Judisyrgh" {Fire rPois} (You found it on level 5 of the Dungeon)
  3690 | D:6      | Noticed Sigmund
  3700 | D:6      | Gained mutation: You are weak. (Str -2) [potion of mutation]
  3700 | D:6      | Gained mutation: Your flesh is heat resistant. (rF+) [potion of mutation]
  3701 | D:6      | Lost mutation: Your flesh is heat resistant. (rF+) [potion of mutation]
  3701 | D:6      | Lost mutation: You are weak. (Str -2) [potion of mutation]
  3701 | D:6      | Gained mutation: Armour fits poorly on your strangely shaped body. [potion of mutation]
  3701 | D:6      | Gained mutation: You occasionally shout uncontrollably at your foes. [potion of mutation]
  3702 | D:6      | Lost mutation: You occasionally shout uncontrollably at your foes. [potion of mutation]
  3702 | D:6      | Lost mutation: Armour fits poorly on your strangely shaped body. [potion of mutation]
  3702 | D:6      | Gained mutation: You are resistant to hostile enchantments. (MR+) [potion of mutation]
  3703 | D:6      | Lost mutation: You are resistant to hostile enchantments. (MR+) [potion of mutation]
  3712 | D:6      | Found a sparkling altar of Nemelex Xobeh.
  3762 | D:6      | Killed Sigmund
  3762 | D:6      | Reached skill level 8 in Air Magic
  3762 | D:6      | Reached XP level 9. HP: 46/51 MP: 11/11
  4541 | D:7      | Found a staircase to the Ecumenical Temple.
  4547 | Temple   | Entered the Ecumenical Temple
  4717 | Temple   | Became a worshipper of Makhleb the Destroyer
  4780 | D:7      | Noticed Joseph
  4794 | D:7      | HP: 2/51 [Joseph/quarterstaff (15)]
  4799 | D:7      | Shot with a sling bullet by Joseph

Skill      XL: |  1  2  3  4  5  6  7  8  9 |
---------------+----------------------------+-----
Air Magic      | 4 5 6 8 |  8.7
Dodging        | 3 4 6 |  6.7
Stealth        | 3 4 5 6 7 |  7.2
Spellcasting   | |  1.5
Conjurations   | |  0.7

Action                   |  1- 3 |  4- 6 |  7- 9 || total
-------------------------+-------+-------+-------++-------
Melee: Club              |    27 |     8 |       ||    35
       Unarmed           |     3 |       |       ||     3
       Flail             |       |    46 |    75 ||   121
       Trident           |       |       |    21 ||    21
 Cast: Shock             |    48 |    80 |   125 ||   253
Evoke: Wand              |       |       |     6 ||     6
  Use: Potion            |       |       |    15 ||    15
       Scroll            |       |       |     4 ||     4
 Stab: Sleeping          |     3 |     2 |     4 ||     9
       Invisible         |       |       |     1 ||     1
  Eat: Chunk             |     1 |     4 |     8 ||    13
       Bread ration      |       |     1 |       ||     1
Armor: Robe              |    35 |    16 |    21 ||    72
       Skin              |       |       |    17 ||    17
Dodge: Dodged            |    94 |    93 |   163 ||   350
